 Dungeon Crawl Stone Soup version bcrawl-1.15.1 (webtiles) character file.

Game seed: 7778448328783016034

74 Chiseanne the Ducker (level 4, 1/33 HPs)
             Began as a Demonspawn Archaeologist on Sept 27, 2019.
             Quit the game on level 2 of the Dungeon.
             The game lasted 00:02:50 (1539 turns).

Chiseanne the Ducker (Demonspawn Archaeologist)     Turns: 1539, Time: 00:02:50

Health: 1/33       AC:  9    Str: 11    XL:     4   Next: 10%
Magic:  4/8        EV: 11    Int: 16    God:
Gold:   167        SH:  0    Dex: 12    Spells: 9/9 levels left

rFire    . . .     SeeInvis .   a - +0 whip
rCold    . . .     Gourm    .   (no shield)
rNeg     . . .     Faith    .   h - +1 ring mail
rPois    .         Spirit   +   c - +1 hat
rElec    .         Reflect  .   (no cloak)
rCorr    .         Harm     .   (no gloves)
MR       .....                  d - +1 pair of boots
Stlth    +.........             m - amulet of rage
HPRegen  0.11/turn              (no ring)
MPRegen  0.11/turn              (no ring)

@: lethally poisoned (1 -> -13), studying Spellcasting
A: horns 2, magic shield
a: Evoke Berserk Rage


You were on level 2 of the Dungeon.
You were not hungry.

You visited 1 branch of the dungeon, and saw 2 of its levels.

You collected 167 gold pieces.

Inventory:

Hand Weapons
 a - a +0 whip (weapon)
Missiles
 i - 320 stones (quivered)
 k - 130 bolts
 l - 97 poisoned needles
 s - 86 arrows
Armour
 c - a +1 hat (worn)
 d - a +1 pair of boots (worn)
 h - a +1 ring mail (worn)
Jewellery
 m - an amulet of rage (around neck)
Scrolls
 j - 2 scrolls of teleportation
 n - a scroll of immolation {unknown}
 p - a scroll of fear
 q - a scroll of noise {unknown}
 r - a scroll of amnesia {unknown}
 t - a scroll of identify {unknown}
Books
 e - a manual of Spellcasting
Miscellaneous
 f - an ancient crate
Comestibles
 g - 5 rations {!d}


   Skills:
 - Level 2.0 Fighting
 - Level 0.8 Maces & Flails
 - Level 0.9 Armour
 - Level 3.2 Dodging
 - Level 3.0 Stealth
 + Level 3.2 Spellcasting


You had 9 spell levels left.
You didn't know any spells.
Your spell library was empty.

Dungeon Overview and Level Annotations

Branches:
Dungeon (2/12)

Altars:


Innate Abilities, Weirdness & Mutations

You have a pair of horns on your head.
When hurt, damage is shared between your health and your magic reserves.


Message History

It was a potion of cancellation.
You feel magically purged.
* * * LOW HITPOINT WARNING * * *
You feel sick. The orc barely misses you.
As you read the scroll labeled WALARE LUCUCO, it crumbles to dust.
It is a scroll of enchant armour.
Your +0 ring mail glows green for a moment.
* * * LOW HITPOINT WARNING * * *
You feel sick. The orc closely misses you.
As you read the scroll labeled POERRYHAMU, it crumbles to dust.
You assume a fearsome visage.
The kobold looks frightened!
The orc looks frightened!
The orc wizard looks frightened! x2
It was a scroll of fear.
* * * LOW HITPOINT WARNING * * *
You feel sick.
The orc wizard mumbles some strange words.
The orc wizard blinks!
The orc wizard mumbles some strange words.
The orc wizard flickers and vanishes!
Deactivating autopickup; reactivate with Ctrl-A.
Are you sure you want to abandon this character and quit the game? (Confirm with "yes".)

.....##...# ♣♣♣..##.#.# #
#♣....#.#
♣.####.################## #
#♣....†...................
♣♣♣...#.#.######K#{...>.....
.....†..........o§.K........
..###.#.#......#.#..........
### #.#.######.#@#...#######
#...######.#%#...#
####.......#.#..$..
#.......#.##...##
#.......#........
########.......#####.#.#
#..............#...# ..#
#.#'#'#'#'#'#..#.#.#...#
#.#.#.#†#.#.#....#.#...


You could see an orc (fleeing) and a kobold (fleeing).

Vanquished Creatures
  4 worms
  A dart slug (D:2)
  A leopard gecko (D:1)
  4 giant cockroaches
  11 goblins
  6 hobgoblins
  4 jackals (D:1)
  A quokka (D:1)
  3 ball pythons (D:1)
  4 bats
  4 frilled lizards
  4 kobolds
  10 rats
57 creatures vanquished.

Notes
Turn   | Place    | Note
-------+----------+-------------------------------------------
     0 | D:1      | Chiseanne the Demonspawn Archaeologist began the quest for
                  | the Orb.
     0 | D:1      | Reached XP level 1. HP: 15/15 MP: 1/1
   152 | D:1      | Gained mutation: You have a pair of small horns on your
                  | head. [demonic ancestry]
   152 | D:1      | Reached XP level 2. HP: 21/21 MP: 2/2
   713 | D:1      | Gained mutation: When hurt, damage is shared between your
                  | health and your magic reserves. [demonic ancestry]
   713 | D:1      | Reached XP level 3. HP: 19/27 MP: 3/3
   883 | D:1      | Reached skill level 1 in Spellcasting
  1439 | D:2      | Gained mutation: You have a pair of horns on your head.
                  | [demonic ancestry]
  1439 | D:2      | Reached XP level 4. HP: 29/33 MP: 8/8
  1537 | D:2      | HP: 1/33 [poisoned by an orc wizard]
  1539 | D:2      | Quit the game

Skill      XL: |  1  2  3 |
---------------+----------+-----
Dodging        | 3 |  3.2
Fighting       | 2 |  2.0
Spellcasting   | 3 |  3.2
Maces & Flails | |  0.8
Armour         | |  0.9
Stealth        | |  3.0

Action                   |  1- 3 |  4- 6 || total
-------------------------+-------+-------++-------
Melee: Whip              |   177 |    10 ||   187
       Headbutt          |    29 |     1 ||    30
  Use: Scroll            |     1 |     2 ||     3
       Potion            |       |     1 ||     1
 Stab: Sleeping          |     4 |       ||     4
       Distracted        |     1 |       ||     1
  Eat: Chunk             |     2 |       ||     2
Armor: Robe              |     3 |       ||     3
       Ring mail         |    86 |     4 ||    90
Dodge: Dodged            |   146 |    10 ||   156
